 Dungeon Crawl Stone Soup version 0.32-a0-42-ga30500b4d3 (webtiles) character file.

Game seed: 8312945320079179761

7539 Newt the Nimble (level 11, -7/74 HPs)
             Began as a Kobold Hunter on Jan 31, 2024.
             Was a High Priest of Okawaru.
             Mangled by a dire elephant simulacrum (9 damage)
             ... in an ice cave.
             The game lasted 00:14:21 (12102 turns).

Newt the Nimble (Kobold Hunter)                    Turns: 12102, Time: 00:14:22

Health: -7/74      AC: 10    Str: 15    XL:     11   Next: 39%
Magic:  0/20       EV: 29    Int: 11    God:    Okawaru [*****.]
Gold:   262        SH:  0    Dex: 27    Spells: 10/10 levels left

rFire   . . .        a - +4 shortbow
rCold   + . .        (shield currently unavailable)
rNeg    . . .        I - +0 ring mail of Generosity {rC+ Regen+ Dex+5}
rPois   .            q - +0 helmet
rElec   .            j - +1 cloak
rCorr   .            k - +0 pair of gloves
SInv    .            (no boots)
Will    .....        u - amulet of guardian spirit
Stlth   +++++++      r - ring of magical power
HPRegen 1.12/turn    G - +6 ring of strength
MPRegen 0.17/turn

%: guardian spirit
@: heroic
A: small, no large weapons, nightstalker 3
a: Renounce Religion, Heroism, Finesse, Duel


You were in an ice cave.
You worshipped Okawaru.
Okawaru was extremely pleased with you.
You visited 2 branches of the dungeon, and saw 12 of its levels.
You also visited: Ossuary and Ice Cave.

You collected 976 gold pieces.
You spent 714 gold pieces at shops.

Inventory:

Hand Weapons
 a - a +4 shortbow (weapon)
Armour
 c - a +0 leather armour
 j - a +1 cloak (worn)
 k - a +0 pair of gloves (worn)
 q - a +0 helmet (worn)
 s - a +1 leather armour of positive energy
 A - a +1 leather armour of fire resistance
 I - the +0 ring mail of Generosity (worn) {rC+ Regen+ Dex+5}
   (You bought it in a shop on level 9 of the Dungeon)

   Dex+5:     It affects your dexterity (+5).
   rC+:       It protects you from cold.
   Regen+:    It increases your rate of health regeneration.
Jewellery
 e - an amulet of magic regeneration
 r - a ring of magical power (left hand)
 u - an amulet of guardian spirit (around neck)
 G - a +6 ring of strength (right hand)
Wands
 n - a wand of roots (9)
 H - a wand of polymorph (6)
 J - a wand of mindburst (3)
 K - a wand of acid (4)
Scrolls
 b - a scroll of butterflies
 f - 2 scrolls of enchant armour
 m - 8 scrolls of teleportation
 t - 4 scrolls of amnesia
 y - 3 scrolls of poison
 z - 2 scrolls of blinking
Potions
 d - 4 potions of brilliance
 g - 2 potions of curing
 h - a potion of heal wounds
 i - a potion of enlightenment
 l - a potion of lignification
 o - 3 potions of berserk rage
 p - 2 potions of resistance
 v - a potion of might
 w - a potion of cancellation
 x - a potion of magic
 B - 2 potions of ambrosia
 C - a potion of degeneration
 D - a potion of haste
 E - 3 potions of mutation
 F - 2 potions of attraction


   Skills:
 + Level 11.0(16.0) Fighting
 - Level 10.0(15.0) Ranged Weapons
 - Level 11.7(16.7) Dodging
 - Level 9.3(14.3) Stealth
 * Level 4.2 Evocations


You had 10 spell levels left.
You didn't know any spells.
Your spell library contained the following spells:

 Spells                   Type           Power      Damage    Failure   Level
 Blink                    Tloc           0%         N/A       69%         2
 Ensorcelled Hibernation  Hex/Ice        0%         N/A       69%         2
 Lesser Beckoning         Tloc           0%         N/A       69%         2
 Momentum Strike          Conj/Tloc      0%         3d8       69%         2
 Fugue of the Fallen      Necr           0%         N/A       89%         3
 Gell's Gravitas          Tloc           0%         N/A       89%         3
 Ozocubu's Armour         Ice            0%         N/A       89%         3
 Passwall                 Erth           0%         N/A       89%         3
 Swiftness                Air            0%         N/A       89%         3
 Teleport Other           Tloc           0%         N/A       89%         3
 Manifold Assault         Tloc           0%         N/A       100%        4
 Lee's Rapid Deconstruct  Erth           0%         3d4*      100%        5
 Conjure Ball Lightning   Conj/Air       0%         3x3d6     100%        6
 Discord                  Hex            0%         N/A       100%        8
 Disjunction              Tloc           0%         N/A       100%        8
 Animate Armour           Summ/Erth      Unusable   N/A       N/A         4
 Summon Lightning Spire   Summ/Air       Unusable   N/A       N/A         4

Dungeon Overview and Level Annotations

Branches:
Dungeon (11/15)            Temple (1/1) D:5            Lair (0/5) D:9
    Orc (0/2) D:11        Ossuary (visited)           IceCv (1/1)

Altars:
Cheibriados
Dithmenos
Elyvilon
Fedhas
Gozag
Kikubaaqudgha
Makhleb
Okawaru
Qazlal
Ru
Sif Muna
Uskayaw
Vehumet
Wu Jian
Xom
Yredelemnul
Zin
The Shining One

Shops:
D:5 :   D:6 ?   D:9 *

Annotations:
D:4 2 transporters


Innate Abilities, Weirdness & Mutations

You are small and have problems with some larger weapons.
You are completely attuned to the shadows.


Message History

The dire elephant simulacrum completely misses you.
The dire elephant simulacrum closely misses you.
The dire elephant simulacrum attacks as it pursues you!
The dire elephant simulacrum tramples you!!
You stumble backwards!
Unknown command.
You shoot an arrow.
The arrow hits the dire elephant simulacrum!
The dire elephant simulacrum vaporises!
Okawaru accepts your kill.
You gain the combat prowess of a mighty hero.
You shoot an arrow.
The arrow hits the dire elephant simulacrum!
The dire elephant simulacrum is lightly damaged.
The dire elephant simulacrum tramples you!
You hold your ground!
The dire elephant simulacrum trunk-slaps you but does no damage.
You shoot an arrow.
The arrow hits the dire elephant simulacrum!
The dire elephant simulacrum is moderately damaged.
You shoot an arrow.
The arrow hits the dire elephant simulacrum but does no damage.
The dire elephant simulacrum is moderately damaged.
The dire elephant simulacrum misses you. x2
You shoot an arrow.
The arrow hits the dire elephant simulacrum but does no damage.
The dire elephant simulacrum is moderately damaged.
The dire elephant simulacrum barely misses you.
The dire elephant simulacrum trunk-slaps you.
The dire elephant simulacrum freezes you!
You resist.
* * * LOW HITPOINT WARNING * * *
The dire elephant simulacrum tramples you!
* * * LOW HITPOINT WARNING * * *
You hold your ground!
The dire elephant simulacrum trunk-slaps you.
* * * LOW HITPOINT WARNING * * *
The dire elephant simulacrum freezes you!
You resist.
You die...

########
##.#@Z..#
#####....Z#..#
##..∩##..####..#
#∩..####..# ..#
#....# #..## .#
#...####...#
##..####...##
#...##...###
#..##...##


You could see 2 dire elephant simulacra.

Vanquished Creatures
  A two-headed ogre (D:8)
  A deep elf pyromancer (D:11)
  Joseph (D:8)
  A gargoyle (D:10)
  An unseen horror (D:10)
  Jeremiah (D:8)
  Psyche (D:8)
  2 hornets
  A wraith (D:11)
  2 wyverns
  A dire elephant simulacrum (IceCv)
  3 steam dragons
  An acid dragon (D:10)
  A water moccasin (D:7)
  Duvessa (D:7)
  An orc warrior (D:8)
  3 sky beasts (D:7)
  2 ice beasts
  A black bear (D:5)
  2 centaurs (D:10)
  3 ogres
  A phantom (D:4)
  A kobold brigand (D:7)
  A scorpion (D:4)
  A cane toad simulacrum (IceCv)
  5 wights (D:10)
  Dowan (D:7)
  An elephant simulacrum (IceCv)
  7 killer bees
  2 howler monkeys
  5 bombardier beetles
  4 hounds
  3 orc priests
  4 gnoll boudas
  2 jellies (D:6)
  A sleepcap (D:5)
  11 orc wizards
  A troll simulacrum (IceCv)
  A spriggan simulacrum (IceCv)
  8 mummies (Ossuary)
  Robin (D:4)
  13 gnolls
  8 adders
  A naga simulacrum (IceCv)
  13 white imps
  6 dart slugs
  2 ribbon worms
  27 orcs
  5 endoplasms
  A giant cockroach (D:3)
  13 goblins
  6 hobgoblins
  5 jackals (D:4)
  13 kobolds
  5 quokkas
  7 ball pythons
  4 bats
  6 frilled lizards
  3 gnoll zombies (Ossuary)
  2 hobgoblin zombies (Ossuary)
  A kobold zombie (Ossuary)
  2 orc zombies (Ossuary)
  3 rats
238 creatures vanquished.

Vanquished Creatures (others)
  An acid dragon (D:9)
  A white imp (IceCv)
2 creatures vanquished.

Grand Total: 240 creatures vanquished

Notes
Turn   | Place    | Note
-------+----------+-------------------------------------------
     0 | D:1      | Newt the Kobold Hunter began the quest for the Orb.
     0 | D:1      | Reached XP level 1. HP: 12/12 MP: 1/1
   113 | D:1      | Reached XP level 2. HP: 18/18 MP: 2/2
   549 | D:2      | Reached XP level 3. HP: 22/22 MP: 3/3
  1559 | D:3      | Reached XP level 4. HP: 28/28 MP: 4/4
  1776 | D:3      | Found a white marble altar of Elyvilon.
  2056 | D:4      | Noticed Robin
  2060 | D:4      | Noticed a scorpion
  2066 | D:4      | Killed Robin
  2071 | D:4      | Reached XP level 5. HP: 9/33 MP: 5/5
  2105 | D:4      | Reached XP level 6. HP: 10/38 MP: 6/6
  2403 | D:4      | Noticed an ogre
  2422 | D:4      | Killed an ogre
  2427 | D:4      | Found a transporter.
  2474 | D:4      | Reached XP level 7. HP: 44/44 MP: 7/7
  2508 | D:4      | Found a shimmering blue altar of Sif Muna.
  2599 | D:4      | Found a transporter.
  3168 | D:5      | Entered Level 5 of the Dungeon
  3202 | D:5      | Found a staircase to the Ecumenical Temple.
  3213 | D:5      | Reached skill level 5 in Fighting
  3217 | Temple   | Entered the Ecumenical Temple
  3225 | Temple   | Became a worshipper of Warmaster Okawaru
  3471 | D:5      | Reached skill level 10 in Ranged Weapons
  3817 | D:5      | Found Urucsaathi's Self-Published Books.
  3878 | D:5      | Reached XP level 8. HP: 37/50 MP: 8/8
  4759 | D:5      | Reached * piety under Okawaru
  4760 | D:5      | Reached skill level 5 in Dodging
  4925 | D:5      | Found a shadowy altar of Dithmenos.
  5467 | D:6      | Found Odecwiti's Magic Scroll Shop.
  5472 | D:6      | Bought a scroll of identify for 24 gold pieces
  5472 | D:6      | Bought a scroll of identify for 24 gold pieces
  5472 | D:6      | Bought a scroll of enchant weapon for 90 gold pieces
  5472 | D:6      | Bought a scroll of identify for 24 gold pieces
  6183 | D:6      | Bought a scroll of identify for 24 gold pieces
  6226 | D:7      | Noticed Dowan
  6229 | D:7      | Noticed Duvessa
  6241 | D:7      | Killed Dowan
  6242 | D:7      | Reached XP level 9. HP: 36/57 MP: 9/9
  6242 | D:7      | Killed Duvessa
  6248 | D:7      | Found a sand-covered staircase.
  6277 | Ossuary  | Entered an ossuary
  6777 | D:7      | Reached ** piety under Okawaru
  7160 | D:7      | Reached skill level 10 in Dodging
  7309 | D:7      | Found an opulent altar of Gozag.
  7429 | D:7      | HP: 3/60 [something (2)]
  7850 | D:7      | Reached XP level 10. HP: 64/65 MP: 10/10
  7908 | D:7      | Reached *** piety under Okawaru
  8713 | D:8      | Noticed a two-headed ogre
  8721 | D:8      | Killed a two-headed ogre
  8842 | D:8      | Noticed Joseph
  8855 | D:8      | Killed Joseph
  8855 | D:8      | Reached **** piety under Okawaru
  8999 | D:8      | Noticed Psyche
  9012 | D:8      | Killed Psyche
  9150 | D:8      | Paralysed by a hornet for 2 turns
  9531 | D:8      | Noticed Jeremiah
  9552 | D:8      | Killed Jeremiah
  9553 | D:8      | Reached skill level 5 in Stealth
 10108 | D:9      | Reached skill level 10 in Fighting
 10223 | D:9      | Found a staircase to the Lair.
 10412 | D:9      | Found Hyid's General Store.
 10420 | D:9      | Bought a scroll of enchant weapon for 90 gold pieces
 10420 | D:9      | Bought the +0 ring mail of Generosity {rC+ Regen+ Dex+5}
                  | for 342 gold pieces
 10420 | D:9      | Bought a potion of ambrosia for 96 gold pieces
 10766 | D:10     | Entered Level 10 of the Dungeon
 11183 | D:10     | Identified the +0 leather armour of Moral Flaws {Regen+
                  | Str+2 Slay-4}
 11211 | D:10     | Reached XP level 11. HP: 72/72 MP: 11/11
 11230 | D:10     | Reached ***** piety under Okawaru
 11900 | D:11     | Noticed a deep elf pyromancer
 11912 | D:11     | Found a frozen archway.
 11930 | D:11     | Paralysed by a hornet for 1 turns
 11932 | D:11     | Reached skill level 1 in Evocations
 11939 | D:11     | Killed a deep elf pyromancer
 11985 | IceCv    | Entered an ice cave
 12102 | IceCv    | HP: 2/74 [dire elephant simulacrum (2)]
 12102 | IceCv    | Mangled by a dire elephant simulacrum

Illustrated notes

Levels and vault maps discovered:
D:1:      onia_arrival_pyramid, layout_rooms, corexii_leaking_fountain
D:2:      layout_loops_ring
D:3:      layout_basic, elyvilon_altar_1
D:4:      layout_basic, old_standard_altar, nicolae_overflow_hidden_temple,
          gammafunk_ghost_gnarly_gnolls, hangedman_decor_growths, uniq_robin,
          uniq_grinder
D:5:      kb_forest_paths, layout_loops_corners, mainiacjoe_overflow_alcove_1,
          minmay_temple_entry_crystal_x, grunt_ministairs_10,
          nicolae_custom_books, minivault_5
D:6:      layout_basic, serial_shops, nicolae_shop_competitors_out_of_business
D:7:      layout_rooms, grunt_gozag_breadcrumbs,
          mainiacjoe_ossuary_entry_dusty_tomb, hangedman_misty_isle,
          uniq_duvessa
D:8:      layout_layer_cave, uniq_joseph, uniq_psyche, uniq_jeremiah
D:9:      layout_rooms, dpeg_oklobed_lair, serial_shops,
          nicolae_shop_tiny_glass, hangedman_glass_teeth
D:10:     layout_stronghold, serial_column_ruins, column_ruins_hut,
          column_ruins_courtyard_long, column_ruins_open_tiny,
          column_ruins_columns_straight, column_ruins_open_medium,
          column_ruins_columns_straight, column_ruins_corridor_straight,
          small_statue_intersection
D:11:     layout_cave_pools, david_orc_5, portal_ice_cave_entry_imps,
          roderic_roman_lattice, nicolae_tso_swordbearing_angel
Temple:   eino_narrow_crystal_temple
IceCv:    ice_cave_caverns_03

Skill      XL: |  1  2  3  4  5  6  7  8  9 10 11 |
---------------+----------------------------------+-----
Ranged Weapons | 6 7 8 10 | 10.0
Fighting       | 3 4 5 7 8 10 11 | 11.0
Dodging        | 3 7 10 11 | 11.7
Stealth        | 7 9 |  9.3
Evocations     | 4 |  4.2

Action                     |  1- 3 |  4- 6 |  7- 9 | 10-12 || total
---------------------------+-------+-------+-------+-------++-------
  Melee: Shortbow          |       |       |     2 |       ||     2
   Fire: Shortbow          |    81 |    98 |   501 |   406 ||  1086
 Invoke: Heroism           |       |       |       |     1 ||     1
  Evoke: Wand              |       |       |       |     3 ||     3
    Use: Scroll            |     8 |     2 |    16 |     5 ||    31
         Potion            |       |     2 |     9 |     2 ||    13
 Armour: Leather armour    |    15 |    27 |   166 |    54 ||   262
         Ring mail         |       |       |       |   115 ||   115
  Dodge: Dodged            |    17 |    62 |   239 |   417 ||   735

Table legend: (Time is in decaauts)
 A = Elapsed time spent in this place.
 B = Non-inter-level travel time spent in this place.
 C = Inter-level travel time spent in this place.
 D = Time resting spent in this place.
 E = Time spent auto-exploring this place.
 F = Levels seen in this place.
 G = Mean time per level.
                   A        B        C        D        E       F      G
               +--------+--------+--------+--------+--------+-----+--------+
         Total |  12100 |  11685 |    415 |   1809 |   8096 |  14 |  864.3 |
       Dungeon |  11651 |  11251 |    400 |   1809 |   7780 |  11 | 1059.2 |
        Temple |     16 |      1 |     15 |      0 |      0 |   1 |   16.0 |
       Ossuary |    316 |    316 |      0 |      0 |    237 |   1 |  316.0 |
      Ice Cave |    116 |    116 |      0 |      0 |     79 |   1 |  116.0 |
               +--------+--------+--------+--------+--------+-----+--------+

Top non-repeatable levels by time:
     D:5: 1938 daAuts
     D:8: 1849 daAuts
     D:7: 1698 daAuts
     D:4: 1169 daAuts
    D:10: 1108 daAuts
     D:6: 1070 daAuts
     D:2: 767 daAuts
     D:3: 747 daAuts
     D:9: 681 daAuts
     D:1: 504 daAuts
 Ossuary: 316 daAuts
   IceCv: 116 daAuts
    D:11: 114 daAuts
  Temple: 16 daAuts
